 Dungeon Crawl Stone Soup version 0.19-a0-1225-gf887c1c (webtiles) character file.

109 st0uf the Skirmisher (level 4, -1/41 HPs)
             Began as a Hill Orc Fighter on Aug 25, 2016.
             Killed by divine providence
             ... invoked by an orc priest
              (16 damage)
             ... on level 3 of the Dungeon.
             The game lasted 00:07:31 (1521 turns).

st0uf the Skirmisher (Hill Orc Fighter)             Turns: 1521, Time: 00:07:33

Health: -1/41      AC:  8    Str: 19    XL:     4   Next: 90%
Magic:  4/4        EV:  8    Int:  8    God:
Gold:   81         SH:  9    Dex: 10    Spells: 0 memorised, 3 levels left

rFire  . . .     SeeInvis .     a - +0 war axe
rCold  . . .     Gourm    .     b - +0 scale mail
rNeg   . . .     Faith    .     c - +0 shield (curse)
rPois  +         Spirit   .     l - +0 helmet (curse)
rElec  .         Dismiss  .     (no cloak)
rCorr  .         Reflect  .     (no gloves)
MR     .....     Harm     .     (no boots)
Stlth  ..........               (no amulet)
                                g - ring of poison resistance
                                e - ring of loudness (curse)

@: very slow
A: no striking features
a: Convert to Beogh


You were on level 3 of the Dungeon.
You were not hungry.

You visited 1 branch of the dungeon, and saw 3 of its levels.

You collected 81 gold pieces.

Inventory:

Hand Weapons
 a - a +0 war axe (weapon)
Armour
 b - a +0 scale mail (worn)
 c - a cursed +0 shield (worn)
 l - a cursed +0 helmet (worn)
Jewellery
 e - a cursed ring of loudness (left hand)
 g - a ring of poison resistance (right hand)
 q - an uncursed amulet of faith
Scrolls
 h - a scroll of magic mapping {unknown}
 i - 2 scrolls of identify {unknown}
 j - 2 scrolls of remove curse {unknown}
 m - a scroll of immolation {unknown}
 o - a scroll of blinking {unknown}
 v - a scroll of teleportation {unknown}
Potions
 d - a potion of might
 k - 2 potions of heal wounds {unknown}
 n - a potion of invisibility {unknown}
 p - a potion of cure mutation {unknown}
 t - a potion of curing {unknown}
 u - a potion of flight {unknown}
Comestibles
 f - 2 bread rations
 r - a slice of pizza
 s - a meat ration
 w - a chunk of flesh


   Skills:
 + Level 4.6 Fighting
 + Level 3.5 Axes
 + Level 3.9 Armour
 + Level 1.4 Dodging
 + Level 3.7 Shields


You had 3 spell levels left.
You didn't know any spells.

Dungeon Overview and Level Annotations

Branches:
Dungeon (3/15)

Altars:
Cheibriados
Hepliaklqana
Vehumet

Annotations:
D:3 Grinder


Message History

Beogh smites you! The bat closely misses you.
A giant cockroach comes into view.
The bat hits you but does no damage.
Found a stone staircase leading down.
The bat closely misses you. The bat barely misses you.
You block the bat's attack. The bat hits you but does no damage.
The bat closely misses you. The bat hits you.
The bat hits you but does no damage. The bat hits you but does no damage.
You block the bat's attack. The bat hits you but does no damage.
The bat hits you but does no damage. The bat closely misses you.
The orc priest mumbles some strange prayers to Beogh against you.
Beogh smites you! The bat closely misses you.
The bat hits you but does no damage.
The orc priest mumbles some strange prayers to Beogh against you.
Beogh smites you!
You die...

.# .# ####.### #......
. ###....## ..
#.......# #.#####
#.......#
......#######..b@...#
....s..##.so.o....###.#
..##...##.####........#
.......##.####.#.######
.##...o.o......#.#
.###...##.#......#
.......##......###
.†.....#########
.#######


You could see an orc priest, an orc, a giant cockroach and a bat.

Vanquished Creatures
  3 gnolls
  2 oozes (D:1)
  A worm (D:2)
  3 dart slugs
  3 giant geckos
  9 bats
  6 hobgoblins
  8 jackals
  5 kobolds
  A quokka (D:2)
  3 giant newts
  8 goblins
  6 rats
58 creatures vanquished.

Notes
Turn   | Place    | Note
-------+----------+-------------------------------------------
     0 | D:1      | st0uf the Hill Orc Fighter began the quest for the Orb.
     0 | D:1      | Reached XP level 1. HP: 19/19 MP: 1/1
   201 | D:1      | Reached skill level 4 in Fighting
   201 | D:1      | Reached XP level 2. HP: 26/27 MP: 2/2
   292 | D:1      | Reached XP level 3. HP: 32/33 MP: 3/3
   506 | D:2      | Found a radiant altar of Vehumet.
   529 | D:1      | Reached skill level 1 in Dodging
   529 | D:1      | Reached XP level 4. HP: 29/41 MP: 4/4
   704 | D:2      | Found a faded altar of an unknown god.
   712 | D:2      | Became a worshipper of Cheibriados the Contemplative
   712 | D:2      | Reached * piety under Cheibriados
   713 | D:2      | Fell from the grace of Cheibriados
   900 | D:2      | Found a hazy altar of Hepliaklqana.
  1503 | D:3      | Noticed Grinder
  1521 | D:3      | Killed from afar by an orc priest

Vault maps used:
D:1:      mrwooster_arrival_statue_3, due_unseen_surprise
D:2:      lemuel_doored_altar, vehumet_crystals, ecumenical_altar_2
D:3:      minmay_close_crescents, uniq_grinder

Skill      XL: |  1  2  3 |
---------------+----------+-----
Fighting       | 4 |  4.6
Axes           | 3 |  3.5
Dodging        | 1 |  1.4
Armour         | |  3.9
Shields        | |  3.7

Action                   |  1- 3 |  4- 6 || total
-------------------------+-------+-------++-------
Melee: War axe           |    82 |   105 ||   187
Invok: Renounce Religion |       |     1 ||     1
  Eat: Chunk             |       |     3 ||     3
Armor: Scale mail        |    43 |    48 ||    91
Dodge: Dodged            |    27 |    53 ||    80
Block: Shield            |    47 |    83 ||   130
